General information
			
			
        
        - name: BNet
 
        - type: Ladder team game (AT/RT)
 
        - host: Battle.net
 
        - saver: timG4strok
 
        
map: DragonFalls 
        - players: 8
 
        - length: 13:35
 
        - speed: Fast
 - version: 1.22 W3XP
 - replay type:  

 
» download(149 KB)
Players
        team 1 (winner) 
              
              
298739283939208 (
orange | 96 APM | 1311 actions | 13:35)
              
 3 Mountain King 
 2 Storm Bolt
 1 Bash
 1 Paladin 
 1 Holy Light
 
                » actions 
                
                | Assign group hotkey | 40 |  | 
| Build / train | 44 |  | 
| ESC pressed | 1 |  | 
| Enter build submenu | 23 |  | 
| Enter hero's abilities submenu | 4 |  | 
| Remove unit from queue | 1 |  | 
| Right click | 513 |  | 
| Select / deselect | 216 |  | 
| Select group hotkey | 427 |  | 
| Use ability | 42 |  | 
                1311 total
 » units 
                
                | Peasant | 16 |  | 
| Footman | 7 |  | 
| Gryphon Rider | 3 |  | 
                26 total
 » upgrades
                » buildings
                
                | Altar of Kings | 1 |  | 
| Farm | 9 |  | 
| Barracks | 1 |  | 
| Scout Tower | 2 |  | 
| Arcane Tower | 1 |  | 
| Town Hall | 1 |  | 
| Lumber Mill | 1 |  | 
| Arcane Vault | 1 |  | 
| Keep | 1 |  | 
| Castle | 1 |  | 
| Gryphon Aviary | 3 |  | 
                22 total
 » build order
                00:08 Altar of Kings
00:13 Farm
00:25 Barracks
00:39 Farm
01:51 Scout Tower
01:54 Scout Tower
02:21 Farm
02:25 Arcane Tower
02:46 Farm
04:19 Town Hall
06:15 Lumber Mill
06:25 Arcane Vault
07:03 Keep
09:36 Castle
09:39 Gryphon Aviary
09:42 Gryphon Aviary
09:45 Gryphon Aviary
11:16 Farm
11:18 Farm
11:51 Farm
12:25 Farm
13:02 Farm
» items
                
                | Rod of Necromancy | 1 |  | 
| Orb of Fire | 1 |  | 
| Staff of Sanctuary | 1 |  | 
| Scroll of Regeneration | 1 |  | 
| Potion of Healing | 2 |  | 
| Potion of Mana | 1 |  | 
                7 total
  
               
              
              
BirdmanDoes4s (
pink | 106 APM | 1445 actions | 13:35)
              
 4 Death Knight 
 2 Death Coil
 2 Unholy Aura
 2 Lich 
 1 Frost Nova
 1 Dark Ritual
 
                » actions 
                
                | Assign group hotkey | 12 |  | 
| Basic commands | 89 |  | 
| Build / train | 36 |  | 
| Enter build submenu | 15 |  | 
| Enter hero's abilities submenu | 7 |  | 
| Give item / drop item | 1 |  | 
| Right click | 708 |  | 
| Select / deselect | 201 |  | 
| Select group hotkey | 306 |  | 
| Use ability | 70 |  | 
                1445 total
 » units 
                
                | Acolyte | 7 |  | 
| Ghoul | 2 |  | 
| Crypt Fiend | 5 |  | 
                14 total
 » upgrades
                » buildings
                
                | Crypt | 1 |  | 
| Graveyard | 1 |  | 
| Altar of Darkness | 1 |  | 
| Ziggurat | 6 |  | 
| Tomb of Relics | 1 |  | 
| Halls of the Dead | 1 |  | 
| Black Citadel | 1 |  | 
| Sacrificial Pit | 1 |  | 
| Boneyard | 2 |  | 
                15 total
 » build order
                00:07 Crypt
00:21 Graveyard
00:44 Altar of Darkness
01:00 Ziggurat
01:38 Tomb of Relics
02:04 Ziggurat
03:38 Ziggurat
06:09 Halls of the Dead
07:02 Ziggurat
07:03 Ziggurat
07:06 Ziggurat
09:49 Black Citadel
11:30 Sacrificial Pit
13:04 Boneyard
13:05 Boneyard
» items
                
                | Rod of Necromancy | 3 |  | 
| Potion of Healing | 1 |  | 
| Scroll of Town Portal | 2 |  | 
| Potion of Mana | 3 |  | 
                9 total
  
               
              
              
KNIFE]NOOBELF (
yellow | 90 APM | 1216 actions | 13:34)
              
 4 Archmage 
 2 Summon Water Elemental
 2 Brilliance Aura
 2 Mountain King 
 1 Storm Bolt
 1 Bash
 1 Paladin 
 1 Holy Light
 
                » actions 
                
                | Assign group hotkey | 41 |  | 
| Basic commands | 29 |  | 
| Build / train | 47 |  | 
| Enter build submenu | 23 |  | 
| Enter hero's abilities submenu | 7 |  | 
| Give item / drop item | 1 |  | 
| Right click | 561 |  | 
| Select / deselect | 155 |  | 
| Select group hotkey | 305 |  | 
| Use ability | 47 |  | 
                1216 total
 » units 
                
                | Peasant | 14 |  | 
| Footman | 6 |  | 
| Gryphon Rider | 4 |  | 
                24 total
 » upgrades
                » buildings
                
                | Altar of Kings | 1 |  | 
| Farm | 8 |  | 
| Barracks | 1 |  | 
| Lumber Mill | 1 |  | 
| Scout Tower | 5 |  | 
| Guard Tower | 2 |  | 
| Arcane Vault | 1 |  | 
| Town Hall | 1 |  | 
| Arcane Tower | 1 |  | 
| Keep | 2 |  | 
| Blacksmith | 1 |  | 
| Castle | 1 |  | 
| Gryphon Aviary | 3 |  | 
                28 total
 » build order
                00:06 Altar of Kings
00:20 Farm
00:37 Barracks
01:00 Farm
01:41 Lumber Mill
02:00 Scout Tower
02:06 Scout Tower
02:08 Scout Tower
02:10 Scout Tower
02:32 Farm
03:42 Guard Tower
03:44 Guard Tower
04:07 Arcane Vault
04:14 Town Hall
04:19 Scout Tower
04:50 Arcane Tower
05:44 Keep
06:19 Blacksmith
08:08 Castle
09:42 Gryphon Aviary
09:44 Gryphon Aviary
09:46 Gryphon Aviary
09:54 Farm
09:55 Farm
09:56 Farm
13:09 Farm
13:10 Farm
» items
                
                | Healing Salve | 1 |  | 
| Lesser Clarity Potion | 1 |  | 
| Scroll of Town Portal | 1 |  | 
| Orb of Fire | 1 |  | 
                4 total
  
               
              
              
timG4strok (
teal | 214 APM | 2914 actions | 13:35)
              
 3 Blademaster 
 2 Wind Walk
 1 Critical Strike
 3 Shadow Hunter 
 1 Hex
 2 Healing Wave
 
                » actions 
                
                | Assign group hotkey | 19 |  | 
| Basic commands | 64 |  | 
| Build / train | 46 |  | 
| ESC pressed | 3 |  | 
| Enter build submenu | 14 |  | 
| Enter hero's abilities submenu | 6 |  | 
| Give item / drop item | 1 |  | 
| Right click | 1311 |  | 
| Select / deselect | 206 |  | 
| Select group hotkey | 1169 |  | 
| Use ability | 75 |  | 
                2914 total
 » units 
                
                | Peon | 7 |  | 
| Grunt | 6 |  | 
| Wind Rider | 1 |  | 
| Raider | 3 |  | 
| Troll Batrider | 1 |  | 
| Spirit Walker | 1 |  | 
                19 total
 » upgrades
                
                | Ensnare | 1 |  | 
| Berserker Strength | 1 |  | 
| Melee Weapons | 1 |  | 
| Armor | 1 |  | 
| Spirit Walker Training | 1 |  | 
                5 total
 » buildings
                
                | Altar of Storms | 1 |  | 
| Orc Burrow | 5 |  | 
| Barracks | 1 |  | 
| Stronghold | 1 |  | 
| Voodoo Lounge | 2 |  | 
| Beastiary | 2 |  | 
| Fortress | 1 |  | 
| War Mill | 1 |  | 
| Spirit Lodge | 2 |  | 
                16 total
 » build order
                00:09 Altar of Storms
00:20 Orc Burrow
00:39 Barracks
01:41 Orc Burrow
02:28 Stronghold
03:10 Voodoo Lounge
03:12 Voodoo Lounge
03:48 Orc Burrow
05:06 Beastiary
05:10 Beastiary
05:26 Orc Burrow
08:28 Fortress
08:33 War Mill
08:52 Orc Burrow
09:42 Spirit Lodge
13:06 Spirit Lodge
» items
                
                | Lesser Clarity Potion | 5 |  | 
| Healing Salve | 2 |  | 
| Scroll of Speed | 1 |  | 
| Potion of Mana | 1 |  | 
| Potion of Healing | 1 |  | 
| Scroll of Town Portal | 1 |  | 
| Orb of Lightning | 1 |  | 
                12 total
  
               team 2 (loser) 
              
              
fineX (
green | 94 APM | 1261 actions | 13:26)
              
 4 Tauren Chieftain 
 1 War Stomp
 3 Endurance Aura
 
                » actions 
                
                | Assign group hotkey | 102 |  | 
| Basic commands | 1 |  | 
| Build / train | 39 |  | 
| Enter build submenu | 10 |  | 
| Enter hero's abilities submenu | 2 |  | 
| Remove unit from queue | 2 |  | 
| Right click | 797 |  | 
| Select / deselect | 135 |  | 
| Select group hotkey | 148 |  | 
| Use ability | 25 |  | 
                1261 total
 » units 
                
                | Peon | 9 |  | 
| Grunt | 5 |  | 
| Wind Rider | 3 |  | 
| Raider | 4 |  | 
| Kodo Beast | 1 |  | 
                22 total
 » upgrades
                
                | Ensnare | 1 |  | 
| Pillage | 1 |  | 
| Melee Weapons | 2 |  | 
| Armor | 1 |  | 
| Spiked Barricades | 1 |  | 
                6 total
 » buildings
                
                | Altar of Storms | 1 |  | 
| Orc Burrow | 4 |  | 
| Barracks | 1 |  | 
| Voodoo Lounge | 1 |  | 
| Stronghold | 1 |  | 
| Beastiary | 2 |  | 
| War Mill | 1 |  | 
| Fortress | 1 |  | 
                12 total
 » build order
                00:03 Altar of Storms
00:05 Orc Burrow
00:42 Barracks
01:26 Orc Burrow
02:20 Voodoo Lounge
02:54 Stronghold
03:36 Orc Burrow
04:12 Orc Burrow
05:16 Beastiary
05:18 Beastiary
07:20 War Mill
11:34 Fortress
» items
                
                | Boots of Speed | 1 |  | 
| Healing Salve | 1 |  | 
                2 total
  
               
              
              
GOKUMaN69 (
blue | 82 APM | 1093 actions | 13:24)
              
 4 Archmage 
 2 Summon Water Elemental
 2 Brilliance Aura
 2 Mountain King 
 1 Storm Bolt
 1 Bash
 
                » actions 
                
                | Assign group hotkey | 7 |  | 
| Basic commands | 3 |  | 
| Build / train | 42 |  | 
| Enter build submenu | 17 |  | 
| Enter hero's abilities submenu | 6 |  | 
| Remove unit from queue | 1 |  | 
| Right click | 511 |  | 
| Select / deselect | 244 |  | 
| Select group hotkey | 212 |  | 
| Use ability | 50 |  | 
                1093 total
 » units 
                
                | Peasant | 10 |  | 
| Footman | 10 |  | 
| Spell Breaker | 5 |  | 
                25 total
 » upgrades
                » buildings
                
                | Altar of Kings | 1 |  | 
| Barracks | 1 |  | 
| Farm | 5 |  | 
| Scout Tower | 1 |  | 
| Lumber Mill | 1 |  | 
| Arcane Tower | 1 |  | 
| Town Hall | 1 |  | 
| Arcane Vault | 1 |  | 
| Keep | 1 |  | 
| Arcane Sanctum | 2 |  | 
| Blacksmith | 1 |  | 
                16 total
 » build order
                00:06 Altar of Kings
00:24 Barracks
00:39 Farm
01:14 Farm
01:45 Farm
01:53 Scout Tower
02:09 Lumber Mill
03:10 Arcane Tower
04:52 Town Hall
05:44 Arcane Vault
06:43 Farm
07:13 Keep
09:35 Arcane Sanctum
09:37 Arcane Sanctum
12:20 Blacksmith
12:34 Farm
» items
                
                | Scroll of Regeneration | 2 |  | 
| Lesser Clarity Potion | 1 |  | 
                3 total
  
               
              
              
PistophChrstoph (
purple | 61 APM | 831 actions | 13:34)
              
 3 Warden 
 2 Shadow Strike
 1 Blink
 
                » actions 
                
                | Assign group hotkey | 21 |  | 
| Basic commands | 187 |  | 
| Build / train | 49 |  | 
| ESC pressed | 1 |  | 
| Enter build submenu | 16 |  | 
| Enter hero's abilities submenu | 3 |  | 
| Remove unit from queue | 1 |  | 
| Right click | 229 |  | 
| Select / deselect | 195 |  | 
| Select group hotkey | 79 |  | 
| Use ability | 50 |  | 
                831 total
 » units 
                
                | Wisp | 22 |  | 
| Archer | 8 |  | 
| Druid of the Claw | 2 |  | 
| Mountain Giant | 2 |  | 
                34 total
 » upgrades
                
                | Strength of the Wild | 1 |  | 
| Druid of the Claw Training | 1 |  | 
| Resistant Skin | 1 |  | 
| Hardened Skin | 1 |  | 
| Well Spring | 1 |  | 
                5 total
 » buildings
                
                | Moon Well | 7 |  | 
| Altar of Elders | 1 |  | 
| Ancient of War | 2 |  | 
| Tree of Ages | 1 |  | 
| Hunter's Hall | 1 |  | 
| Tree of Life | 1 |  | 
| Tree of Eternity | 1 |  | 
| Ancient of Lore | 2 |  | 
| Ancient of Wonders | 2 |  | 
                18 total
 » build order
                00:06 Moon Well
00:14 Altar of Elders
00:59 Ancient of War
01:35 Moon Well
01:59 Moon Well
02:44 Ancient of War
03:12 Moon Well
03:53 Tree of Ages
05:04 Hunter's Hall
05:34 Tree of Life
06:13 Moon Well
06:17 Moon Well
08:31 Tree of Eternity
08:54 Ancient of Lore
08:58 Ancient of Lore
09:25 Moon Well
10:14 Ancient of Wonders
10:45 Ancient of Wonders
» items
                
                | Orb of Venom | 1 |  | 
| Staff of Preservation | 1 |  | 
                2 total
  
               
              
              
VELOX_NEB (
red | 95 APM | 1268 actions | 13:24)
              
 2 Archmage 
 1 Summon Water Elemental
 1 Brilliance Aura
 1 Mountain King 
 1 Storm Bolt
 
                » actions 
                
                | Assign group hotkey | 37 |  | 
| Basic commands | 73 |  | 
| Build / train | 40 |  | 
| ESC pressed | 1 |  | 
| Enter build submenu | 22 |  | 
| Enter hero's abilities submenu | 3 |  | 
| Right click | 630 |  | 
| Select / deselect | 242 |  | 
| Select group hotkey | 175 |  | 
| Use ability | 45 |  | 
                1268 total
 » units 
                
                | Peasant | 12 |  | 
| Footman | 14 |  | 
| Sorceress | 2 |  | 
| Spell Breaker | 2 |  | 
| Priest | 2 |  | 
                32 total
 » buildings
                
                | Altar of Kings | 1 |  | 
| Farm | 9 |  | 
| Barracks | 1 |  | 
| Keep | 1 |  | 
| Blacksmith | 1 |  | 
| Lumber Mill | 1 |  | 
| Arcane Sanctum | 2 |  | 
| Arcane Vault | 2 |  | 
| Town Hall | 1 |  | 
                19 total
 » build order
                00:07 Altar of Kings
00:21 Farm
00:23 Barracks
01:05 Farm
01:57 Farm
02:39 Keep
03:51 Blacksmith
04:23 Lumber Mill
04:53 Farm
05:30 Farm
06:32 Arcane Sanctum
07:03 Arcane Vault
07:21 Farm
08:37 Farm
08:52 Arcane Sanctum
09:05 Farm
09:40 Town Hall
11:14 Farm
11:27 Arcane Vault
» items
                 
                Chat log
          (00:10 / All) fineX: hi im john matheson
(00:32 / Allies) KNIFE]NOOBELF: i see corr dying
(00:33 / All) BirdmanDoes4s: The big J_M
(00:34 / Allies) KNIFE]NOOBELF: idk why
(00:36 / All) BirdmanDoes4s: Clan TwT
(00:38 / All) BirdmanDoes4s: fighting
(00:51 / All) BirdmanDoes4s: Playing dis game in the name of TwT
(00:55 / All) KNIFE]NOOBELF: ?
(01:04 / All) fineX: um im sorry i rep clan buly nowadays
(01:24 / All) BirdmanDoes4s: The biiiiiiig J_m
(01:29 / All) BirdmanDoes4s: ^O^
(01:36 / All) timG4strok: good luck dont suck
(01:42 / All) fineX: too late
(01:46 / All) BirdmanDoes4s: dAM
(01:47 / All) timG4strok: i know
(01:58 / All) fineX: ...FOR u
(02:16 / Allies) BirdmanDoes4s: U?
(02:43 / All) BirdmanDoes4s: dam thrown in da towel
(03:10 / Allies) BirdmanDoes4s: start
(03:13 / All) fineX: wtas ur guys gimmick
(03:16 / All) timG4strok: ownage
(03:16 / All) fineX: mines mass head hunters
(03:18 / All) timG4strok: and skill
(03:24 / All) BirdmanDoes4s: dam
(03:26 / All) BirdmanDoes4s: ownage n skill
(03:26 / All) BirdmanDoes4s: raped
(04:56 / Allies) 298739283939208: wppd
(08:51 / All) fineX: sdjfhskjdhfkjdshfskjdhfskjdh
(08:52 / All) fineX: jsfhakjsdhkjdhas
(09:06 / All) timG4strok: just a q how is this fun for you
(13:13 / All) BirdmanDoes4s: twt > buly
(13:13 / All) BirdmanDoes4s: dam
(13:16 / All) GOKUMaN69: Gg
(13:18 / All) timG4strok: gg
(13:21 / All) VELOX_NEB: gg
(13:22 / All) fineX: gg